[Event "Prague Open 2024"]
[Site "Prague"]
[Date "2024.01.06"]
[Round "3.1"]
[White "Shao, Wenbin"]
[Black "Agdestein, Simen"]
[Result "0-1"]
[ECO "B66"]
[WhiteElo "2112"]
[BlackElo "2568"]
[Annotator "TA"]
[PlyCount "58"]
[EventDate "2024.01.02"]
[EventType "swiss"]
[EventCountry "CZE"]
[SourceTitle "playchess.com"]
[Source "ChessBase"]
[SourceQuality "1"]
[TimeControl "40/5400+30:1800+30"]

1. e4 {[%emt 0:00:31] Alboredo,Julia} c5 2. Nf3 Nc6 3. d4 cxd4 4. Nxd4 Nf6 5. Nc3 d6 6. Bg5 e6 7. Qd2 a6 8. O-O-O Be7 9. f3 O-O 10. h4 Nxd4 11. Qxd4 b5 12. Kb1 Qc7 13. h5 {[%emt 0:07:35] Strongly threatening h6. B63: Sicilian: Richter-Rauzer: 7...Be7 and unusual Black 7th moves.} h6 {[%emt 0:01:23] [#]} 14. Be3 $146 (14. Bxf6 $14 Bxf6 15. Qxd6 Qxd6 16. Rxd6) ({Predecessor:} 14. Bh4 Bb7 15. Ne2 Rac8 16. Qd2 Rfd8 17. Re1 e5 18. Bxf6 Bxf6 19. Nc3 Bg5 20. Qd1 Qa5 21. Nd5 Bxd5 22. exd5 Rxc2 23. Kxc2 Qxa2 24. f4 Rc8+ 25. Kd2 Bxf4+ 26. Ke2 Qxb2+ 27. Kf3 Rc1 {0-1 Ivanchuk,V (2740)-Anand,V (2770) Linares 15th 1998 (12)}) 14... Rb8 15. Qd2 (15. g4 $11 {keeps the balance.}) 15... b4 $1 $17 16. Ne2 d5 17. e5 Nd7 (17... Qxe5 $2 18. Bf4 $18) 18. Nd4 (18. f4 $15) 18... Nxe5 ({Resist} 18... Qxe5 19. Nc6 Qd6 20. Nxb8 Qxb8 21. g4 $16) 19. Bxh6 {[%emt 0:02:31] White does not recover from this.} gxh6 $19 20. Qxh6 {[%emt 0:02:04] [#]} Rb6 $1 21. Rh3 {[%emt 0:02:12] [#]} (21. g4 $142) 21... Ng4 $1 22. Qd2 e5 23. fxg4 exd4 24. Qxd4 Bf6 {[%emt 0:01:28] Inhibits Bd3.} 25. Qd3 (25. Qf2 {keeps fighting.}) 25... Qe5 {[%emt 0:03:47][%csl Gf6][%cal Re5b2] Black is clearly winning.} ({Less strong is} 25... Bxg4 26. Rg3 $16) 26. Qb3 Re8 ({Not} 26... Bxg4 27. Rg3 $16) 27. h6 Qe1 {[%emt 0:03:27][%cal Re1d1][%mdl 64] Back Rank} 28. Qd3 {[%emt 0:02:16] [#]} (28. Qf3 $142) 28... Rbe6 $1 {[%emt 0:03:11][%cal Oe1d1] Threatens to win with ...Qxd1+!} 29. Rh1 {[%emt 0:03:05] [#]} Re3 $1 {[%emt 0:06:49] Magnificent play by Agdestein!   Weighted Error Value: White=0.63/Black=0.08 (flawless)} 0-1

[Event "Prague Open 2024"]
[Site "Prague"]
[Date "2024.01.06"]
[Round "3.2"]
[White "Poetsch, Hagen"]
[Black "van der Merwe, Alexander"]
[Result "1-0"]
[ECO "B23"]
[WhiteElo "2471"]
[BlackElo "2113"]
[Annotator "TA"]
[PlyCount "57"]
[EventDate "2024.01.02"]
[EventType "swiss"]
[EventCountry "CZE"]
[SourceTitle "playchess.com"]
[Source "ChessBase"]
[SourceQuality "1"]
[TimeControl "40/5400+30:1800+30"]

1. e4 c5 2. Nc3 d6 3. Nge2 Nf6 4. g3 g6 5. d4 cxd4 6. Nxd4 Bg7 7. Bg2 O-O 8. O-O a6 9. h3 Qc7 10. Be3 {B91: Sicilian Najdorf: 6 g3.} Nc6 11. Qd2 Ne5 12. b3 $1 {Dodges Nc4. White is slightly better.} Bd7 (12... Nc6 $14) 13. Nd5 $16 Qd8 {[#]} 14. Rad1 $146 ({Predecessor:} 14. Bh6 Ne8 15. Bg5 f6 16. Be3 Nf7 17. c4 e5 18. Ne2 Be6 19. Rad1 Rb8 20. Kh2 {1-0 Favarel,J (2209)-Draoui,N (2369) FRA-chT2A 0506 2005 (5.1)}) 14... Nc6 15. Ne2 {White is much more active. The black rooks are badly placed.} Nxd5 16. exd5 Nb8 17. c4 Qc8 18. Kh2 Be8 19. Rc1 Nd7 {Wards off c5} 20. b4 b6 (20... Ne5 $16) 21. Nd4 $18 Qc7 22. Rfe1 Rc8 (22... Nf6 $142 23. Nb3 Ba4) 23. Nc6 Ne5 24. Bxb6 {[%mdl 64] [#] Deflection} Qxb6 (24... Qb7 {is tougher.}) 25. Nxe7+ {White is clearly winning.} Kh8 26. Nxc8 Qc7 27. f4 Nxc4 {[#]} 28. Rxc4 $1 {[%mdl 64] Remove Defender} Qxc4 29. Nxd6 {White took control after the opening.   Weighted Error Value: White=0.04 (flawless) /Black=0.46} 1-0

[Event "Prague Open 2024"]
[Site "Prague"]
[Date "2024.01.06"]
[Round "3.3"]
[White "Neuman, Petr"]
[Black "Trapl, Dalibor"]
[Result "1-0"]
[ECO "B54"]
[WhiteElo "2398"]
[BlackElo "2108"]
[Annotator "RC"]
[PlyCount "63"]
[EventDate "2024.01.02"]
[EventType "swiss"]
[EventCountry "CZE"]
[SourceTitle "playchess.com"]
[Source "ChessBase"]
[SourceQuality "1"]
[TimeControl "40/5400+30:1800+30"]

1. e4 c5 2. Nf3 d6 3. d4 cxd4 4. Nxd4 Nf6 5. f3 a6 6. c4 Nc6 7. Be3 e6 8. Nc3 Be7 9. Be2 O-O 10. O-O Bd7 11. Qd2 Qb8 12. a4 a5 13. Ndb5 Ra6 14. Rad1 Rd8 15. Nxd6 Nd4 16. Bxd4 Bxd6 17. g3 Bxg3 18. f4 Bh4 19. Qe3 Ne8 20. Bb6 Nc7 21. Nb5 Bxb5 22. cxb5 Rxd1 23. Rxd1 Ra8 24. Qc5 Ne8 25. e5 Qc8 26. Qxc8 Rxc8 27. Bf3 Rc4 28. Bxb7 Rxa4 29. Bc6 Kf8 30. Bc5+ Be7 31. Bxe7+ Kxe7 32. Rd7+ 1-0

[Event "Prague Open 2024"]
[Site "Prague"]
[Date "2024.01.06"]
[Round "3.4"]
[White "Samborski, Henryk"]
[Black "Sowinski, Pawel"]
[Result "0-1"]
[ECO "A01"]
[WhiteElo "2079"]
[BlackElo "2357"]
[Annotator "RC"]
[PlyCount "54"]
[EventDate "2024.01.02"]
[EventType "swiss"]
[EventCountry "CZE"]
[SourceTitle "playchess.com"]
[Source "ChessBase"]
[SourceQuality "1"]
[TimeControl "40/5400+30:1800+30"]

1. b3 e5 2. Bb2 Nc6 3. c4 f5 4. g3 Nf6 5. Bg2 d6 6. Nf3 Be7 7. O-O O-O 8. Nc3 Qe8 9. d4 e4 10. Ne1 Qg6 11. Nb5 Bd8 12. d5 Ne7 13. a4 f4 14. Bxf6 Rxf6 15. Qc2 fxg3 16. fxg3 Rxf1+ 17. Bxf1 Nf5 18. Qxe4 c6 19. Nc3 Bb6+ 20. Kh1 Bd7 21. Ng2 Re8 22. Qd3 Be3 23. dxc6 bxc6 24. Rd1 Re5 25. c5 Nxg3+ 26. hxg3 Rh5+ 27. Nh4 Rxh4+ 0-1

[Event "Prague Open 2024"]
[Site "Prague"]
[Date "2024.01.06"]
[Round "3.5"]
[White "Ivanov, Mike"]
[Black "Krivanek, Vladimir"]
[Result "1-0"]
[ECO "A04"]
[WhiteElo "2356"]
[BlackElo "2091"]
[Annotator "RC"]
[PlyCount "117"]
[EventDate "2024.01.02"]
[EventType "swiss"]
[EventCountry "CZE"]
[SourceTitle "playchess.com"]
[Source "ChessBase"]
[SourceQuality "1"]
[TimeControl "40/5400+30:1800+30"]

1. Nf3 c5 2. c4 g6 3. e4 a6 4. d4 cxd4 5. Nxd4 Bg7 6. Nc3 d6 7. Be3 Nf6 8. Be2 O-O 9. O-O Nc6 10. f3 Nd7 11. Rc1 Re8 12. Nd5 e6 13. Nc3 Nf8 14. Qd2 Nxd4 15. Bxd4 Bxd4+ 16. Qxd4 e5 17. Qd2 Ne6 18. Bd1 b5 19. Bb3 b4 20. Nd5 a5 21. Ba4 Rf8 22. Kh1 Bb7 23. Ne3 f5 24. exf5 gxf5 25. Rcd1 f4 26. Nd5 Nd4 27. Bc2 Bxd5 28. cxd5 Rc8 29. Be4 Rf7 30. Rc1 Kh8 31. Qf2 Rfc7 32. Rxc7 Rxc7 33. Qd2 Qh4 34. Rg1 Qf6 35. Rc1 Qd8 36. g3 fxg3 37. hxg3 Rxc1+ 38. Qxc1 Kg7 39. Kg2 h6 40. f4 Qe7 41. Qd1 Qf6 42. Qg4+ Kf8 43. Kh3 Ke7 44. Bd3 exf4 45. gxf4 h5 46. Qg3 Nf5 47. Bxf5 Qxf5+ 48. Kh4 Qf6+ 49. Qg5 Kf7 50. b3 Qa1 51. Qxh5+ Ke7 52. Qe2+ Kd8 53. Qe6 Qh1+ 54. Kg5 Qg1+ 55. Kf5 Qc5 56. Kg6 Qc2+ 57. Kg7 Qc5 58. Kf8 Kc7 59. Ke7 1-0

[Event "Prague Open 2024"]
[Site "Prague"]
[Date "2024.01.06"]
[Round "3.6"]
[White "Teng, Jiarong"]
[Black "Mis, Mieszko"]
[Result "0-1"]
[ECO "B07"]
[WhiteElo "2063"]
[BlackElo "2301"]
[Annotator "ChessBase"]
[PlyCount "76"]
[EventDate "2024.01.02"]
[EventType "swiss"]
[EventCountry "CZE"]
[SourceTitle "playchess.com"]
[Source "ChessBase"]
[SourceQuality "1"]
[TimeControl "40/5400+30:1800+30"]

1. e4 d6 2. d4 Nf6 3. Nc3 c6 4. Be3 Qb6 5. a3 Ng4 6. Bc1 e5 7. Nf3 Nd7 8. h3 Ngf6 9. Be3 Qc7 10. g4 g6 11. Qd2 a5 12. Be2 Rb8 13. g5 Nh5 14. Nh2 Nf4 15. Bxf4 exf4 16. Qxf4 Bg7 17. Rd1 h5 18. gxh6 Bxh6 19. Qg3 b5 20. Ng4 Bg7 21. b4 axb4 22. axb4 Ra8 23. Kf1 Nf6 24. Nxf6+ Bxf6 25. e5 dxe5 26. Ne4 Bg7 27. Nc5 Bf5 28. c4 bxc4 29. Bxc4 Rd8 30. Kg2 Qb8 31. Qb3 O-O 32. d5 Qc7 33. h4 e4 34. dxc6 Bg4 35. b5 Bf3+ 36. Kh3 Qf4 37. Bxf7+ Kh8 38. Be6 Bf6 0-1

[Event "Prague Open 2024"]
[Site "Prague"]
[Date "2024.01.06"]
[Round "3.7"]
[White "Grave, Jacob Templen"]
[Black "Stursa, Jan"]
[Result "1-0"]
[ECO "D80"]
[WhiteElo "2296"]
[BlackElo "2034"]
[Annotator "RC"]
[PlyCount "75"]
[EventDate "2024.01.02"]
[EventType "swiss"]
[EventCountry "CZE"]
[SourceTitle "playchess.com"]
[Source "ChessBase"]
[SourceQuality "1"]
[TimeControl "40/5400+30:1800+30"]

1. d4 Nf6 2. c4 g6 3. Nc3 d5 4. Bg5 Ne4 5. Bh4 Nxc3 6. bxc3 dxc4 7. e3 Be6 8. Nf3 Bg7 9. Be2 O-O 10. O-O c5 11. Rb1 Bd5 12. Qc2 f5 13. Nd2 cxd4 14. cxd4 Nd7 15. Bxc4 Nf6 16. Bxf6 Rxf6 17. Rxb7 Rc6 18. Qb3 Bxc4 19. Nxc4 Qd5 20. Rxe7 Bf6 21. Qb7 Rac8 22. Ne5 Bxe7 23. Nxc6 Qxc6 24. Qxe7 a5 25. h4 Qc4 26. Rb1 Qf7 27. Qxf7+ Kxf7 28. Rb5 Rc1+ 29. Kh2 Rc2 30. Rxa5 Rxf2 31. Kg3 Rc2 32. Ra7+ Kf6 33. a4 h6 34. a5 g5 35. hxg5+ hxg5 36. a6 Rc3 37. Kf2 Rc2+ 38. Kg1 1-0

[Event "Prague Open 2024"]
[Site "Prague"]
[Date "2024.01.06"]
[Round "3.8"]
[White "Rajnys, Vladimir"]
[Black "Morchiashvili, Bachana"]
[Result "0-1"]
[ECO "B24"]
[WhiteElo "2049"]
[BlackElo "2295"]
[Annotator "RC"]
[PlyCount "108"]
[EventDate "2024.01.02"]
[EventType "swiss"]
[EventCountry "CZE"]
[SourceTitle "playchess.com"]
[Source "ChessBase"]
[SourceQuality "1"]
[TimeControl "40/5400+30:1800+30"]

1. e4 c5 2. Nc3 Nc6 3. g3 g6 4. Bg2 Bg7 5. d3 e6 6. Be3 d6 7. Qd2 Nge7 8. Bh6 Bxh6 9. Qxh6 Nd4 10. Qd2 Qa5 11. Nge2 O-O 12. O-O e5 13. f3 Be6 14. Nc1 Rad8 15. Nb3 Qb6 16. Rf2 d5 17. Na4 Nxb3 18. axb3 Qc7 19. Nc3 d4 20. Ne2 b6 21. f4 f6 22. h3 Kg7 23. g4 Nc6 24. f5 Bf7 25. fxg6 Bxg6 26. Ng3 Kh8 27. Raf1 Qg7 28. g5 fxg5 29. Qxg5 Rxf2 30. Rxf2 Rf8 31. Rxf8+ Qxf8 32. Nf5 Nb4 33. Nh4 Qf4 34. Qd8+ Kg7 35. Qe7+ Kh6 36. Nf3 Nxc2 37. Qxe5 Qxe5 38. Nxe5 Na1 39. b4 cxb4 40. Nc6 a5 41. Nxd4 a4 42. Kf2 b3 43. Nb5 Be8 44. Na3 Nc2 45. Nb1 b5 46. e5 Kg5 47. Be4 h6 48. Ke2 b4 49. Bd5 Bd7 50. e6 Nd4+ 51. Ke3 Nxe6 52. Bf3 h5 53. d4 Nc7 54. d5 Nb5 0-1

[Event "Prague Open 2024"]
[Site "Prague"]
[Date "2024.01.06"]
[Round "3.9"]
[White "Keller, Peter"]
[Black "Bezdek, Tomas"]
[Result "1/2-1/2"]
[ECO "C18"]
[WhiteElo "2289"]
[BlackElo "2022"]
[Annotator "RC"]
[PlyCount "141"]
[EventDate "2024.01.02"]
[EventType "swiss"]
[EventCountry "CZE"]
[SourceTitle "playchess.com"]
[Source "ChessBase"]
[SourceQuality "1"]
[TimeControl "40/5400+30:1800+30"]

1. e4 e6 2. d4 d5 3. Nc3 Bb4 4. e5 c5 5. a3 Bxc3+ 6. bxc3 Ne7 7. Qg4 Qc7 8. Bd3 cxd4 9. Ne2 dxc3 10. Qxg7 Rg8 11. Qxh7 Nbc6 12. Bf4 Bd7 13. O-O O-O-O 14. Qxf7 Rdf8 15. Qh5 Nf5 16. Bxf5 Rxf5 17. Qh7 Qd8 18. Qh3 Qf8 19. Bg3 Rfg5 20. Qh4 Rg4 21. Qf6 Qc5 22. Rad1 Qxa3 23. Rd3 Rc4 24. Qf3 Rf8 25. Qe3 Re4 26. Qc1 Qxc1 27. Nxc1 Rc4 28. Ne2 Nb4 29. Rxc3 Rxc3 30. Nxc3 Kb8 31. f4 Rc8 32. Nd1 Bb5 33. Rf2 Nxc2 34. Rd2 a5 35. f5 a4 36. Kf2 a3 37. Ne3 a2 38. Rd1 a1=Q 39. Rxa1 Nxa1 40. Nxd5 exd5 41. e6+ Ka8 42. f6 Rc1 43. Bf4 Rc8 44. f7 Rf8 45. Bd6 Bd7 46. Bxf8 Bxe6 47. Bg7 Bxf7 48. Bxa1 Kb8 49. Kf3 d4 50. Kf4 Kc7 51. Kf5 Kd6 52. Bxd4 Bd5 53. g4 Be6+ 54. Kg5 Ke7 55. Kh5 Kf7 56. h4 Bd5 57. Kh6 Ke6 58. g5 Kf5 59. h5 b5 60. Bc3 Bc4 61. Bd2 Kg4 62. g6 Bd5 63. g7 Bf7 64. Be1 Bc4 65. Bb4 Bf7 66. Bd2 Bd5 67. Kg6 Be4+ 68. Kf6 Bh7 69. h6 Kh5 70. g8=Q Bxg8 71. Kg7 1/2-1/2

[Event "Prague Open 2024"]
[Site "Prague"]
[Date "2024.01.06"]
[Round "3.10"]
[White "Soucek, Jan"]
[Black "Tobak, Mikhail"]
[Result "0-1"]
[ECO "A43"]
[WhiteElo "2038"]
[BlackElo "2288"]
[Annotator "RC"]
[PlyCount "86"]
[EventDate "2024.01.02"]
[EventType "swiss"]
[EventCountry "CZE"]
[SourceTitle "playchess.com"]
[Source "ChessBase"]
[SourceQuality "1"]
[TimeControl "40/5400+30:1800+30"]

1. d4 c5 2. d5 g6 3. e4 Bg7 4. Nc3 d6 5. Nf3 Nf6 6. Bb5+ Bd7 7. Bxd7+ Qxd7 8. O-O b5 9. e5 dxe5 10. Nxe5 Qb7 11. Qf3 O-O 12. Rd1 Na6 13. Be3 Rad8 14. d6 Qxf3 15. Nxf3 exd6 16. Nxb5 Nb4 17. Bf4 a6 18. Nxd6 Nfd5 19. Nb7 Bxb2 20. Rab1 Nc3 21. Nxd8 Nxb1 22. Nb7 Nc3 23. Re1 Nxc2 24. Re7 Nd5 25. Re2 Nxf4 26. Rxc2 Ba3 27. g3 Rb8 28. gxf4 Rxb7 29. Rc3 Bb4 30. Rc4 f6 31. Kf1 Kf7 32. Rc2 Ke6 33. Nd2 Bxd2 34. Rxd2 Rb4 35. f5+ gxf5 36. Ke2 Re4+ 37. Kf3 c4 38. Rd8 Ke5 39. a3 c3 40. Rd7 Rc4 41. Rd1 c2 42. Rc1 Kd4 43. Ke2 Kc3 0-1

[Event "Prague Open 2024"]
[Site "Prague"]
[Date "2024.01.06"]
[Round "3.12"]
[White "Peglau, Charis"]
[Black "Xie, Felix"]
[Result "0-1"]
[ECO "A50"]
[WhiteElo "1984"]
[BlackElo "2249"]
[Annotator "RC"]
[PlyCount "92"]
[EventDate "2024.01.02"]
[EventType "swiss"]
[EventCountry "CZE"]
[SourceTitle "playchess.com"]
[Source "ChessBase"]
[SourceQuality "1"]
[TimeControl "40/5400+30:1800+30"]

1. d4 Nf6 2. c4 g6 3. f3 e6 4. Nc3 c5 5. d5 d6 6. e4 Bg7 7. Be3 a6 8. dxe6 Bxe6 9. Qd2 O-O 10. O-O-O Qa5 11. Kb1 Nc6 12. h4 Rfd8 13. g4 b5 14. Nd5 Qxd2 15. Rxd2 bxc4 16. Bxc4 Ne5 17. Be2 Nxd5 18. exd5 Bd7 19. Bf4 Bb5 20. Bxe5 Bxe5 21. Bxb5 axb5 22. Ne2 Re8 23. f4 Bg7 24. h5 Re3 25. hxg6 fxg6 26. Rf1 Rae8 27. Rf2 Kf7 28. Kc2 R8e4 29. a3 h5 30. gxh5 gxh5 31. Nc3 Bxc3 32. bxc3 h4 33. Rd1 Rc4 34. Rd3 Rxd3 35. Kxd3 Ra4 36. Rb2 Ra5 37. Ke4 Kf6 38. Kf3 Kf5 39. Rh2 Rxa3 40. Rxh4 Rxc3+ 41. Ke2 Ke4 42. Rh6 Kxd5 43. f5 Rg3 44. f6 Rg8 45. Kd3 Rf8 46. Ke3 Ke5 0-1

[Event "Prague Open 2024"]
[Site "Prague"]
[Date "2024.01.06"]
[Round "3.13"]
[White "Dushatov, Timur"]
[Black "Eliseev, Sergey"]
[Result "1/2-1/2"]
[ECO "B50"]
[WhiteElo "1976"]
[BlackElo "2232"]
[Annotator "RC"]
[PlyCount "119"]
[EventDate "2024.01.02"]
[EventType "swiss"]
[EventCountry "CZE"]
[SourceTitle "playchess.com"]
[Source "ChessBase"]
[SourceQuality "1"]
[TimeControl "40/5400+30:1800+30"]

1. e4 c5 2. Nf3 d6 3. c3 Nf6 4. h3 Nc6 5. Bd3 e6 6. Bc2 Be7 7. d4 O-O 8. O-O cxd4 9. cxd4 Nb4 10. Nc3 Nxc2 11. Qxc2 h6 12. Bf4 b6 13. Rad1 Bb7 14. Nd2 Qc7 15. Qb3 Rad8 16. Nb5 Qb8 17. Rfe1 a6 18. Nc3 b5 19. a4 Bc6 20. d5 Bd7 21. dxe6 fxe6 22. axb5 Nh5 23. Be3 axb5 24. Nd5 Bg5 25. Bxg5 hxg5 26. Ne7+ Kf7 27. Nf5 Kg6 28. Nd4 Nf4 29. Qg3 Nh5 30. Qe3 Nf4 31. Qg3 Nh5 32. Qe3 Nf4 33. e5 d5 34. b4 Rh8 35. N2b3 Rdf8 36. Nc5 Qd8 37. Ra1 Rh6 38. Ra7 Bc8 39. Qg3 Rfh8 40. Qc3 Kh7 41. Qc2+ Rg6 42. g3 Nxh3+ 43. Kg2 Qb6 44. Re7 Qd8 45. Nc6 Qf8 46. Nxe6 Qxf2+ 47. Qxf2 Nxf2 48. Kxf2 Rxe6 49. Rh1+ Rh6 50. Rxh6+ Kxh6 51. Nd4 Kg6 52. Nxb5 Rh2+ 53. Ke3 Rb2 54. Nd6 Ba6 55. Ra7 Bf1 56. Rb7 Re2+ 57. Kd4 Rd2+ 58. Ke3 Re2+ 59. Kd4 Rd2+ 60. Kc5 1/2-1/2

[Event "Prague Open 2024"]
[Site "Prague"]
[Date "2024.01.06"]
[Round "3.14"]
[White "Stanojevic, Ilija"]
[Black "Elashvili, Giorgi"]
[Result "1/2-1/2"]
[ECO "E62"]
[WhiteElo "2206"]
[BlackElo "1942"]
[Annotator "RC"]
[PlyCount "59"]
[EventDate "2024.01.02"]
[EventType "swiss"]
[EventCountry "CZE"]
[SourceTitle "playchess.com"]
[Source "ChessBase"]
[SourceQuality "1"]
[TimeControl "40/5400+30:1800+30"]

1. d4 Nf6 2. c4 g6 3. g3 Bg7 4. Bg2 O-O 5. Nc3 d6 6. Nf3 Nc6 7. O-O e5 8. dxe5 dxe5 9. Bg5 Be6 10. Qa4 Qc8 11. Nd2 Bd7 12. Rad1 Nd4 13. Qa3 Bg4 14. f3 Bh3 15. e3 Bxg2 16. Kxg2 Ne6 17. Bxf6 Bxf6 18. Nd5 Bd8 19. f4 exf4 20. exf4 c6 21. Ne7+ Bxe7 22. Qxe7 Re8 23. Qd6 Ng7 24. Rfe1 Qf5 25. Nf3 Rxe1 26. Rxe1 Qc2+ 27. Qd2 Qxc4 28. b3 Qb5 29. Qd7 Ne6 30. Rxe6 1/2-1/2

[Event "Prague Open 2024"]
[Site "Prague"]
[Date "2024.01.06"]
[Round "3.15"]
[White "Mohylnyi, Stepan"]
[Black "Tolmacevs, Artjoms"]
[Result "1/2-1/2"]
[ECO "B52"]
[WhiteElo "2180"]
[BlackElo "1928"]
[Annotator "RC"]
[PlyCount "91"]
[EventDate "2024.01.02"]
[EventType "swiss"]
[EventCountry "CZE"]
[SourceTitle "playchess.com"]
[Source "ChessBase"]
[SourceQuality "1"]
[TimeControl "40/5400+30:1800+30"]

1. e4 c5 2. Nf3 d6 3. Bb5+ Bd7 4. Bxd7+ Qxd7 5. d4 cxd4 6. Qxd4 Nc6 7. Qd3 Nf6 8. O-O d5 9. exd5 Qxd5 10. Qxd5 Nxd5 11. c3 e6 12. c4 Ndb4 13. Nc3 O-O-O 14. a3 Nd3 15. b4 a5 16. b5 Nce5 17. Nxe5 Nxe5 18. Bf4 Nd3 19. Be3 Bc5 20. Ne4 Bxe3 21. fxe3 f6 22. Ra2 b6 23. Rc2 Nc5 24. Nxc5 bxc5 25. Rc3 Kc7 26. h4 Rd2 27. h5 Rf8 28. e4 Rd4 29. Re1 e5 30. Ree3 a4 31. Re2 Rfd8 32. Kf2 Rd1 33. Rh3 Rc1 34. h6 g6 35. Rf3 Rd6 36. Kg3 Kd7 37. Ref2 Ke7 38. Rb2 Rb6 39. Rd3 Rxc4 40. Kf3 Rd4 41. Rc3 Kd6 42. g4 Rd1 43. Ke2 Rd4 44. Ke3 Rb7 45. Rb1 Rb6 46. Rb2 1/2-1/2

[Event "Prague Open 2024"]
[Site "Prague"]
[Date "2024.01.06"]
[Round "3.16"]
[White "Rakovsky, Jakub"]
[Black "Lee, Hyuk"]
[Result "1-0"]
[ECO "C42"]
[WhiteElo "2157"]
[BlackElo "1924"]
[Annotator "RC"]
[PlyCount "57"]
[EventDate "2024.01.02"]
[EventType "swiss"]
[EventCountry "CZE"]
[SourceTitle "playchess.com"]
[Source "ChessBase"]
[SourceQuality "1"]
[TimeControl "40/5400+30:1800+30"]

1. e4 e5 2. Nf3 Nf6 3. Nc3 Bb4 4. Nxe5 O-O 5. Be2 Re8 6. Nf3 Bxc3 7. dxc3 Nxe4 8. O-O d6 9. Be3 Nd7 10. Bd3 Ndf6 11. h3 Bd7 12. Re1 b6 13. a3 Qc8 14. Kh2 Qb7 15. Qe2 a6 16. Qf1 c5 17. c4 Rad8 18. Ng5 Bc6 19. f3 Nxg5 20. Bxg5 Kh8 21. Qf2 Re5 22. Bxf6 gxf6 23. Qh4 Kg7 24. Qxh7+ Kf8 25. f4 Re6 26. Rxe6 fxe6 27. Qh8+ Ke7 28. Qg7+ Ke8 29. Bg6+ 1-0

[Event "Prague Open 2024"]
[Site "Prague"]
[Date "2024.01.06"]
[Round "3.17"]
[White "Koridze, Lile"]
[Black "Vavruska, Antonin"]
[Result "1-0"]
[ECO "A91"]
[WhiteElo "2152"]
[BlackElo "1878"]
[Annotator "RC"]
[PlyCount "93"]
[EventDate "2024.01.02"]
[EventType "swiss"]
[EventCountry "CZE"]
[SourceTitle "playchess.com"]
[Source "ChessBase"]
[SourceQuality "1"]
[TimeControl "40/5400+30:1800+30"]

1. d4 e6 2. c4 f5 3. g3 Nf6 4. Bg2 Be7 5. Nh3 O-O 6. O-O d6 7. Nc3 Qe8 8. Qb3 Kh8 9. Bxb7 Bxb7 10. Qxb7 Nbd7 11. Qg2 e5 12. dxe5 dxe5 13. Ng5 Bc5 14. Nd5 Rc8 15. Be3 c6 16. Nxf6 Rxf6 17. Bxc5 Nxc5 18. Nf3 f4 19. b4 Nd7 20. Nd2 Qf7 21. Ne4 Rg6 22. Rad1 Qe7 23. c5 a5 24. Nd6 Rc7 25. a3 axb4 26. axb4 Nf6 27. b5 cxb5 28. Qa8+ Ng8 29. Ne4 Ra7 30. Qd5 h6 31. Qd3 b4 32. Nd6 e4 33. Nxe4 Ra3 34. Qb1 fxg3 35. Nxg3 Rg4 36. Qf5 Rg5 37. Qf4 Qxc5 38. Rd8 Qe7 39. Qb8 Qe6 40. Qxb4 Rb3 41. Qf4 Rb7 42. Rc1 Kh7 43. Qf3 Re7 44. Rcc8 Nf6 45. Rh8+ Kg6 46. h4 Rg4 47. h5+ 1-0

[Event "Prague Open 2024"]
[Site "Prague"]
[Date "2024.01.06"]
[Round "3.18"]
[White "Rogers, Tim L"]
[Black "Wang, Yukun"]
[Result "0-1"]
[ECO "B22"]
[WhiteElo "1876"]
[BlackElo "2117"]
[Annotator "ChessBase"]
[PlyCount "146"]
[EventDate "2024.01.02"]
[EventType "swiss"]
[EventCountry "CZE"]
[SourceTitle "playchess.com"]
[Source "ChessBase"]
[SourceQuality "1"]
[TimeControl "40/5400+30:1800+30"]

1. e4 c5 2. c3 Nf6 3. e5 Nd5 4. d4 cxd4 5. cxd4 e6 6. Nf3 d6 7. Bc4 Nc6 8. O-O Be7 9. Qe2 a6 10. Nc3 dxe5 11. dxe5 Nxc3 12. bxc3 Qc7 13. Re1 Bd7 14. Bd3 Rc8 15. Bg5 Bxg5 16. Nxg5 h6 17. Nf3 Na5 18. Rac1 Nc4 19. Nd4 b5 20. Qg4 g6 21. Qf4 Qd8 22. h3 Qe7 23. Ne2 Qg5 24. Qxg5 hxg5 25. Ng3 Ke7 26. Ne4 Nxe5 27. Bb1 g4 28. Ng3 Rc5 29. Ne4 Rd5 30. hxg4 Nxg4 31. c4 bxc4 32. Rxc4 f5 33. Nc3 Rd2 34. f3 Nf6 35. Rd1 Rxd1+ 36. Nxd1 Rb8 37. Bc2 Nd5 38. Bb3 a5 39. Nb2 Rb5 40. Rh4 Nb6 41. Rh7+ Kf6 42. f4 Be8 43. Ra7 Rb4 44. Rxa5 Rxf4 45. Ra6 Rb4 46. Nd3 Rb5 47. Nf4 Bd7 48. Ne2 Bc8 49. Ra7 Rb4 50. Rc7 Bd7 51. Nc3 Ke5 52. Rb7 g5 53. Kf2 Bc6 54. Rc7 Kd6 55. Rg7 Rf4+ 56. Ke3 Rg4 57. Rg6 Nc4+ 58. Bxc4 Rxc4 59. Ne2 Re4+ 60. Kf2 g4 61. Ng3 Re5 62. Nh5 Be8 63. Rh6 Bxh5 64. Rxh5 Ra5 65. Rh8 Rxa2+ 66. Kg3 Ke5 67. Rf8 Ra3+ 68. Kf2 Kf4 69. Rb8 g3+ 70. Kf1 Ra1+ 71. Ke2 e5 72. Rb2 e4 73. Rc2 Rg1 0-1

[Event "Prague Open 2024"]
[Site "Prague"]
[Date "2024.01.06"]
[Round "3.19"]
[White "Krstic, Andrija Marko"]
[Black "Berikkyzy Alanna"]
[Result "1-0"]
[ECO "E16"]
[WhiteElo "2113"]
[BlackElo "1545"]
[Annotator "RC"]
[PlyCount "117"]
[EventDate "2024.01.02"]
[EventType "swiss"]
[EventCountry "CZE"]
[SourceTitle "playchess.com"]
[Source "ChessBase"]
[SourceQuality "1"]
[TimeControl "40/5400+30:1800+30"]

1. d4 Nf6 2. c4 e6 3. Nf3 Bb4+ 4. Bd2 Qe7 5. e3 b6 6. Bd3 Bb7 7. O-O Bxd2 8. Nbxd2 d6 9. e4 e5 10. Re1 O-O 11. Nb1 a5 12. Nc3 Na6 13. Nd5 Nxd5 14. exd5 f6 15. Re3 Qf7 16. dxe5 dxe5 17. Nh4 Bc8 18. Qe2 Nc5 19. Bc2 c6 20. dxc6 Ra7 21. Nf5 Be6 22. Rg3 Qe8 23. Qf3 Bxf5 24. Bxf5 e4 25. Qg4 g6 26. Rd1 Kh8 27. Bd7 Qf7 28. Rd5 f5 29. Qf4 Nxd7 30. cxd7 Rxd7 31. Qe5+ Kg8 32. Rb3 Rxd5 33. cxd5 Qf6 34. Qxf6 Rxf6 35. f3 exf3 36. gxf3 Kf7 37. Kf2 Rd6 38. Rb5 g5 39. Ke3 h5 40. Kd4 Kf6 41. Rb3 g4 42. f4 h4 43. Rc3 b5 44. Rc8 Ra6 45. Kc5 Ra7 46. d6 g3 47. hxg3 hxg3 48. Rg8 Rg7 49. Rxg7 Kxg7 50. d7 g2 51. d8=Q g1=Q+ 52. Qd4+ Qxd4+ 53. Kxd4 Kf6 54. Kd5 b4 55. b3 Kg6 56. Ke5 Kg7 57. Kxf5 Kf7 58. Ke5 Ke7 59. Kd5 1-0

[Event "Prague Open 2024"]
[Site "Prague"]
[Date "2024.01.06"]
[Round "3.20"]
[White "Diachek, Andriy"]
[Black "Gomes, Mary Ann"]
[Result "1/2-1/2"]
[ECO "B52"]
[WhiteElo "1955"]
[BlackElo "2332"]
[Annotator "RC"]
[PlyCount "104"]
[EventDate "2024.01.02"]
[EventType "swiss"]
[EventCountry "CZE"]
[SourceTitle "playchess.com"]
[Source "ChessBase"]
[SourceQuality "1"]
[TimeControl "40/5400+30:1800+30"]

1. e4 c5 2. Nf3 d6 3. Bb5+ Bd7 4. Bxd7+ Nxd7 5. O-O Ngf6 6. Qe2 e6 7. b3 Be7 8. Bb2 O-O 9. c4 a6 10. d4 cxd4 11. Nxd4 Qa5 12. Nc3 Qh5 13. Rfd1 Qxe2 14. Ndxe2 Rfd8 15. f3 Rac8 16. Ba3 Ne8 17. Rac1 g5 18. Kf2 Ne5 19. Rd2 Rc7 20. Rcd1 Rb8 21. Bb2 b5 22. cxb5 axb5 23. Nd4 b4 24. Na4 Nf6 25. Rc2 Rxc2+ 26. Nxc2 Nfd7 27. Ke2 Nc6 28. Ne3 Nc5 29. Nxc5 dxc5 30. Nc4 Ra8 31. Ra1 f6 32. Kd3 Kf7 33. Kc2 h5 34. Bc1 f5 35. e5 f4 36. a4 bxa3 37. Bxa3 Nd4+ 38. Kc3 Kg6 39. Nd6 Nc6 40. Nc4 Kf5 41. Re1 Nd4 42. h3 Rb8 43. Rb1 Rd8 44. Ra1 Rg8 45. Nd6+ Bxd6 46. exd6 Nb5+ 47. Kc4 Nxd6+ 48. Kxc5 Nf7 49. b4 Rc8+ 50. Kb6 Nd6 51. b5 Nxb5 52. Kxb5 Rc2 1/2-1/2